 Dungeon Crawl Stone Soup version 0.27.0-65-ge2af304b15 (console) character file.

Game seed: 5748094704111364061

37 Banquo the Magician (level 3, -1/29 HPs)
             Began as a Djinni Warper on Aug 19, 2021.
             Slain by Terence (10 damage)
             ... on level 2 of the Dungeon.
             The game lasted 00:04:15 (2107 turns).

Banquo the Magician (Djinni Warper)                 Turns: 2107, Time: 00:04:16

Health: -1/29      AC:  3    Str:  8 (10) XL:     3   Next: 62%
Gold:   42         EV: 11    Int: 12 (15) God:
                   SH:  0    Dex:  9 (12)

rFire    + + .     SeeInvis .   a - +0 short sword
rCold    x . .     Faith    .   (no shield)
rNeg     . . .     Spirit   .   b - +0 leather armour
rPois    ∞         Reflect  .   (no helmet)
rElec    .         Harm     .   (no cloak)
rCorr    .         Rampage  .   (no gloves)
Will     .....                  (boots unavailable)
Stlth    +.........             (no amulet)
HPRegen  0.09/turn              (no ring)
MPRegen  0.00/turn              (no ring)

@: brilliant, flying
A: sickness immunity, fire resistance 2, cold vulnerability 1, float, innate
caster, hp casting, extra vitality 1
a: no special abilities


You were on level 2 of the Dungeon.
You visited 1 branch of the dungeon, and saw 2 of its levels.

You collected 72 gold pieces.
You spent 30 gold pieces at shops.

Inventory:

Hand Weapons
 a - a +0 short sword (weapon)
Missiles
 d - 5 boomerangs of dispersal (quivered)
 e - 7 boomerangs
 g - a stone
Armour
 b - a +0 leather armour (worn)
Magical Staves
 h - a staff of conjuration
Scrolls
 c - a scroll of blinking
 i - a scroll of brand weapon {unknown}
 j - a scroll of torment {unknown}
 l - 2 scrolls of teleportation
 m - a scroll of identify {unknown}
 n - 3 scrolls of silence {unknown}


   Skills:
 * Level 2.4 Fighting
 - Level 2.0 Short Blades
 - Level 0.7 Throwing
 - Level 1.0 Armour
 - Level 2.1 Dodging
 + Level 3.1 Spellcasting


You couldn't memorise any spells.
You knew the following spells:

 Your Spells              Type           Power      Damage    Failure   Level
a - Shock                 Conj/Air       56%        1d6       10%         1
b - Lesser Beckoning      Tloc           7%         N/A       28%         3
e - Manifold Assault      Tloc           14%        N/A       95%         5
g - Gell's Gravitas       Tloc           7%         N/A       28%         3
t - Teleport Other        Tloc           14%        N/A       28%         3
B - Blink                 Tloc           N/A        N/A       14%         2
Your spell library was empty.

Dungeon Overview and Level Annotations

Branches:
Dungeon (2/15)

Altars:

Shops:
D:1 ?

Annotations:
D:2 Terence


Innate Abilities, Weirdness & Mutations

You are immune to sickness and miasma.
You are immune to poison.
Your flesh is very heat resistant. (rF++)
You are vulnerable to cold. (rC-)
You float through the air rather than walking.
You learn spells naturally, not from books.
Your magical power is your life essence.
You have superior vitality. (+4 HP)


Message History

Press: ? - help, Shift-Dir - straight line, f/p - adder
Aim: an adder (48% to hit)
The zap hits the adder.
The adder is lightly wounded.
Casting: Shock (safe; 8% risk of failure)
Confirm with . or Enter, or press ? or * to list all spells.
Aiming: Shock (safe; 8% risk of failure)
Press: ? - help, Shift-Dir - straight line, f/p - adder
Aim: an adder (lightly wounded, 48% to hit)
The zap misses the adder.
Casting: Shock (safe; 8% risk of failure)
Confirm with . or Enter, or press ? or * to list all spells.
Aiming: Shock (safe; 8% risk of failure)
Press: ? - help, Shift-Dir - straight line, f - Terence, p - adder
Aim: Terence, wielding a +2 vorpal mace and wearing a +1 scale mail of fire resistance (72% to hit)
The zap hits Terence.
Terence is moderately wounded.
Terence drinks a potion.
Terence seems to speed up.
The adder closely misses you. The adder closely misses you.
There is an open door here.
The adder bites you. The adder barely misses you.
The adder bites you but does no damage. Terence says, "How do you enjoy it?"
The adder barely misses you. Terence hits you with a +2 vorpal mace!
Press: ? - help, v - describe, . - travel
Here: Terence, wielding a +2 vorpal mace and wearing a +1 scale mail of fire resistance (lightly wounded, fast)
The floor.
Unknown command.
It was a potion of brilliance.
You feel clever all of a sudden. The adder bites you but does no damage.
Terence hits you with a +2 vorpal mace! The adder barely misses you.
It was a potion of degeneration.
There was something very wrong with that liquid.
You feel weakened.
You feel dopey.
You feel clumsy. Terence hits you with a +2 vorpal mace!
You die...

####...........#.....##.#........
...................#.##.#........
#..................#.##.#........
'.......##.........#.##.#........
#.......##.........#....#........
#.......##.........######.....†..
#.......##.........# #........
#.......##.....@...#########+#...
#.......##.....S@.......####.....
#.......##.....................##
#.......##...............#####.#
####.#####...............# #.#
#.# ##########......# #.# #.#
#.....># #.# #.# ######.# #.#
#.### #.# #.# #...# #.# #.#


You could see Terence (fast) and an adder.

Vanquished Creatures
  An adder (D:2)
  A dart slug (D:1)
  5 ball pythons
  3 endoplasms
  A giant cockroach (D:1)
  3 goblins (D:1)
  A hobgoblin (D:1)
  2 kobolds (D:1)
  A quokka (D:1)
  4 bats
  A frilled lizard (D:1)
  A rat (D:1)
24 creatures vanquished.

Vanquished Creatures (others)
  5 fungi (D:1)
  7 plants (D:1)
12 creatures vanquished.

Grand Total: 36 creatures vanquished

Notes
Turn   | Place    | Note
-------+----------+-------------------------------------------
     0 | D:1      | Banquo the Djinni Warper began the quest for the Orb.
     0 | D:1      | Reached XP level 1. HP: 18/18 MP: 0/0
   121 | D:1      | Reached XP level 2. HP: 9/23 MP: 0/0
   900 | D:1      | Found Coluptu's Magic Scroll Shop.
   903 | D:1      | Bought a scroll of teleportation for 30 gold pieces
  1048 | D:1      | Found a faded altar of an unknown god.
  1206 | D:1      | Reached XP level 3. HP: 22/28 MP: 0/0
  1206 | D:1      | Learned a level 1 spell: Shock
  1558 | D:1      | Reached skill level 3 in Spellcasting
  1620 | D:2      | Noticed Terence
  2107 | D:2      | Slain by Terence

Illustrated notes

Levels and vault maps discovered:
D:1:      onia_arrival_pyramid, layout_loops_corners, serial_shops,
          nicolae_shop_behind_doors, shapermc_ecumenical_altar_mp_urbaneastern,
          minmay_small_reverse_x
D:2:      layout_basic, uniq_jessica, uniq_crazy_yiuf_cottage, uniq_terence

Skill      XL: |  1  2  3 |
---------------+----------+-----
Short Blades   | 2 |  2.0
Spellcasting   | 3 |  3.1
Fighting       | |  2.4
Throwing       | |  0.7
Armour         | |  1.0
Dodging        | |  2.1

Action                   || total
-------------------------++-------
Melee: Short sword       ||    73
 Cast: Shock             ||    24
  Use: Potion            ||     2
Armor: Leather armour    ||    21
Dodge: Dodged            ||    62
